Map: Rhoskallian LE

Players

qqq - Winner!

  • Race: Protoss Protoss
  • League: Platinum
  • Spawn Location: 6:00

Massa - Winner!

  • Race: Terran Terran
  • League: Gold
  • Spawn Location: 5:00

Kilaa

  • Race: Zerg Zerg
  • League: Platinum
  • Spawn Location: 12:00

JunKai

  • Race: Protoss Protoss
  • Spawn Location: 11:00

VOD

Have the link to the VOD?

Description

Time

  • Played on: June 6, 2020, 4:02 p.m.
  • Length: 9:56
Show
View Real Time Build Order
Export as new Build Order

qqq Protoss - Winner!

Build Orders:  

Get SALT Encoding   

  12  0:01  Probe  
  13  0:17  Pylon  
  13  0:19  Probe  
  14  0:35  Forge  
  14  0:38  Probe  
  15  1:08  Pylon  
  15  1:10  Pylon  
  15  1:15  Pylon  
  15  1:29  Photon Cannon  
  15  1:36  Photon Cannon  
  15  2:08  Gateway  
  15  2:29  Pylon  
  15  2:33  Probe  
  15  2:46  Probe  
  15  2:47  Photon Cannon  
  16  2:57  Photon Cannon  
  16  2:58  Probe  
  17  2:59  Pylon  
  17  3:05  Assimilator  
  17  3:10  Zealot, Probe  
  18  3:16  Assimilator  
  18  3:22  Probe  
  19  3:37  Zealot  
  21  3:52  Pylon  
  21  3:53  Probe  
  21  3:54  Pylon  
  22  4:04  Zealot  
  22  4:05  Probe  
  22  4:09  Photon Cannon  
  25  4:17  Probe  
  25  4:18  Cybernetics Core  
  26  4:37  Zealot  
  28  5:05  Zealot  
  28  5:22  Twilight Council  
  28  5:23  Probe  
  27  5:32  Stalker  
  27  5:35  Probe  
  30  5:47  Probe  
  31  6:01  Stalker (Chrono Boost)  
  29  6:21  Charge  
  29  6:26  Gateway  
  29  6:29  Stalker (Chrono Boost)  
  31  6:51  Stalker  
  33  7:01  Gateway  
  33  7:21  Stalker  
  35  7:31  Stalker  
  37  7:37  Nexus  
  37  7:48  Stalker  
  39  7:51  Stalker  
  41  7:59  Dark Shrine  
  41  8:01  Zealot  
  43  8:18  Stalker  
  45  8:21  Zealot  
  47  8:28  Adept  
  51  8:48  Sentry, Zealot  
  53  8:58  Zealot  
  55  9:10  Probe  
  55  9:11  Stargate  
  55  9:14  Stalker  
  55  9:16  Zealot  
  60  9:23  Probe  
  59  9:25  Adept  
  51  9:35  Probe  
Show
View Real Time Build Order
Export as new Build Order

Massa Terran - Winner!

Build Orders:  

Get SALT Encoding   

  12  0:11  Supply Depot  
  12  0:13  SCV  
  13  0:25  SCV  
  14  0:37  SCV  
  15  0:55  SCV  
  16  1:07  SCV  
  16  1:11  Barracks  
  17  1:15  Barracks  
  17  1:19  SCV  
  18  1:31  SCV  
  19  1:38  Supply Depot  
  19  1:43  SCV  
  19  1:45  Refinery  
  20  1:57  Marine  
  20  2:00  Supply Depot  
  21  2:02  Marine, Barracks  
  22  2:10  Barracks  
  22  2:15  Marine  
  23  2:20  Marine  
  24  2:24  Orbital Command  
  24  2:33  Marine  
  25  2:37  Marine  
  26  2:49  Marine  
  26  2:51  Marine  
  28  2:55  Marine  
  28  2:56  Marine  
  28  2:57  Supply Depot  
  30  3:07  Marine  
  30  3:08  Marine  
  32  3:13  Marine  
  32  3:14  Marine  
  34  3:25  Marine  
  35  3:35  Marine x3  
  38  3:43  Marine  
  39  3:52  Marine  
  39  3:53  Marine x2  
  42  4:00  Marine  
  43  4:10  Marine x2  
  43  4:11  Marine  
  46  4:18  Marine  
  47  4:31  Factory  
  47  4:33  Supply Depot  
  47  4:49  Marine  
  47  4:50  Marine  
  47  4:56  Supply Depot  
  37  5:15  Marine x2  
  37  5:16  Marine x2  
  37  5:17  Supply Depot  
  39  5:33  Marine x3  
  39  5:34  Marine  
  42  5:51  Marine x3  
  44  6:00  Marine  
  44  6:04  Factory Tech Lab  
  35  6:09  Marine x3  
  38  6:17  Command Center  
  38  6:18  Marine  
  38  6:27  Marine x3  
  41  6:35  Marine  
  42  6:44  Marine  
  42  6:45  Marine  
  42  6:46  Siege Tank  
  47  6:49  SCV  
  48  7:01  SCV  
  48  7:02  Marine x4  
  53  7:13  SCV  
  54  7:19  Marine, Siege Tank  
  54  7:20  Marine x3  
  61  7:23  Supply Depot  
  61  7:26  SCV  
  62  7:38  SCV  
  63  7:56  SCV x2  
  65  8:00  Barracks Tech Lab  
  65  8:01  Barracks Tech Lab, Barracks Reactor x2  
  65  8:08  SCV  
  65  8:09  SCV  
  67  8:20  SCV  
  67  8:21  SCV  
  69  8:32  SCV  
  69  8:33  SCV  
  71  8:36  Siege Tank  
  71  8:38  Marauder x2  
  71  8:39  Marine  
  71  8:41  Marine  
  80  8:44  SCV  
  80  8:45  Marine, SCV  
  80  8:46  Marine  
  84  8:57  SCV x2  
  84  9:00  Marauder x2  
  90  9:09  Marine x2, SCV x2  
  94  9:22  Marine  
  94  9:24  Marine  
  94  9:25  Marauder  
  94  9:28  Marauder  
Show
View Real Time Build Order
Export as new Build Order

Kilaa Zerg 

Build Orders: Hatch First 

Get SALT Encoding   

  12  0:04  Drone  
  13  0:13  Overlord  
  13  0:19  Drone  
  14  0:32  Drone x2  
  16  0:38  Drone  
  17  1:00  Drone, Hatchery  
  17  1:05  Extractor  
  16  1:31  Spawning Pool  
  15  1:56  Drone x3  
  18  2:30  Queen  
  18  2:36  Zergling x2  
  18  2:37  Zergling x2  
  22  2:40  Zergling x2  
  23  2:51  Zergling x2  
  23  2:52  Zergling x4  
  26  3:11  Queen  
  27  3:18  Metabolic Boost  
  25  3:24  Zergling x4  
  25  3:25  Zergling x2  
  27  3:32  Zergling x6  
  28  3:41  Overlord  
  24  3:55  Baneling Nest  
  23  4:05  Overlord  
  23  4:09  Overlord  
  23  4:21  Spine Crawler  
  23  4:22  Spine Crawler  
  21  4:25  Overlord  
  21  4:42  Baneling  
  21  4:43  Baneling  
  21  4:44  Baneling  
  21  4:50  Zergling x8  
  20  5:02  Zergling x6  
  20  5:03  Zergling x2  
  20  5:17  Zergling x4  
  20  5:22  Baneling x3  
  20  5:23  Baneling x2  
  20  5:30  Zergling x2  
  20  6:01  Zergling x2  
  20  6:02  Zergling x4  
  20  6:06  Queen  
  21  6:18  Zergling x2  
  22  6:25  Baneling x5  
  22  6:26  Baneling  
  22  6:27  Zergling x2  
  23  6:46  Overlord  
  23  6:55  Zergling x2  
  24  7:03  Zergling x2  
  25  7:10  Drone, Roach Warren  
  25  7:23  Drone  
  25  7:26  Drone x3  
  28  7:55  Roach x2  
  32  7:59  Roach  
  32  8:00  Roach  
  32  8:01  Overlord  
  36  8:19  Drone  
  37  8:20  Extractor  
  37  8:25  Evolution Chamber  
  35  8:28  Zergling x2  
  35  8:30  Baneling x2  
  35  8:31  Roach x3  
  41  8:57  Roach  
  41  8:58  Overlord  
  44  9:02  Drone  
  44  9:05  Drone  
  41  9:28  Roach  
  41  9:29  Roach x2  
Show
View Real Time Build Order
Export as new Build Order

JunKai Protoss 

Build Orders:  

Get SALT Encoding   

  12  0:00  Probe  
  13  0:13  Probe  
  14  0:20  Pylon  
  14  0:25  Probe  
  15  0:40  Gateway, Probe  
  16  0:50  Assimilator  
  16  0:52  Probe  
  17  0:58  Assimilator  
  17  1:04  Probe  
  18  2:03  Probe  
  18  2:07  Cybernetics Core  
  19  2:31  Probe  
  19  2:33  Zealot  
  22  2:43  Probe  
  22  3:09  Probe  
  23  3:15  Gateway  
  23  3:29  Pylon  
  23  3:31  Pylon  
  23  3:33  Probe  
  22  3:45  Probe  
  22  3:47  Zealot (Chrono Boost)  
  27  4:08  Zealot (Chrono Boost), Stalker (Chrono Boost)  
  29  4:18  Gateway  
  29  4:21  Stalker (Chrono Boost)  
  31  4:27  Stalker (Chrono Boost)  
  33  4:46  Stalker (Chrono Boost)  
  27  4:55  Stalker (Chrono Boost)  
  29  5:13  Warp Gate  
  6  5:51  Probe (Chrono Boost)  
  7  6:01  Probe (Chrono Boost)  
  8  6:05  Stalker  
  8  6:06  Probe (Chrono Boost)  
  8  6:09  Pylon  
  8  6:10  Stalker  
  9  6:17  Probe  
  9  6:18  Stalker  
  10  6:30  Probe  
  11  6:35  Stalker  
  13  6:42  Probe  
  15  6:54  Probe (Chrono Boost)  
  15  7:05  Probe (Chrono Boost)  
  16  7:10  Probe (Chrono Boost)  
  16  7:13  Pylon  
  17  7:20  Probe  
  18  7:32  Probe  
  18  7:33  Stalker x2  
  23  7:56  Stalker  
  25  7:58  Probe  
  26  8:11  Probe (Chrono Boost)  
  27  8:23  Probe (Chrono Boost)  
  28  8:30  Probe (Chrono Boost)  
  29  8:36  Stalker x2  
  29  8:37  Probe  
  34  8:49  Probe  
  35  8:56  Forge  
  35  9:01  Probe (Chrono Boost)  
  36  9:13  Probe (Chrono Boost)  
  36  9:15  Pylon  
  37  9:21  Probe (Chrono Boost)  
  22  9:40  Stalker x2  
  22  9:41  Stalker  
Tags
 
Add a new tag
Caveats
  • Supply blocks, unpowered buildings, or Contaminate may cause inaccurate times.
  • Supply counts are checked every 10 seconds.